Pick #1

Connor Bedard
Pick #2

Leo Carlsson
Pick #3

Adam Fantilli
Pick #4

Matvei Michkov
Pick #5

David Reinbacher
Pick #6

William Smith
Pick #7

Zachary Benson
Pick #8

Ryan Leonard
Pick #9

Gabriel Perreault
Pick #10

Axel Sandin-Pellika
Pick #11

Daniil But
Pick #12

Dalibor Dvorsky
Pick #13

Quentin Musty
Pick #14

Brayden Yager
Pick #15

Dmitry Simashev
Pick #16

Colby Barlow
Pick #17

Andrew Cristall
Pick #18

Easton Cowan
Pick #19

Jacob Fowler
Pick #20

Oliver Moore
Pick #21

Oliver Bonk
Pick #22

Tom Willander
Pick #23

Calum Ritchie
Pick #24

Tanner Molendyk
Pick #25

Gavin Brindley
Pick #26

Nate Danielson
Pick #27

Pick #28

Pick #29

Pick #30

Pick #31

Pick #32

Pick #33

Pick #34

Pick #35

Pick #36

Pick #37

Pick #38

Pick #39

Pick #40

Pick #41

Pick #42

Pick #43

Pick #44

Pick #45

Pick #46

Pick #47

Pick #48

Pick #49

Pick #50

Pick #51

Pick #52

Pick #53

Pick #54

Pick #55

Pick #56

Pick #57

Pick #58

Pick #59

Pick #60

Pick #61

Pick #62

Pick #63

Pick #64

Pick #65

Pick #66

Pick #67

Pick #68

Pick #69

Pick #70

Pick #71

Pick #72

Pick #73

Pick #74

Pick #75

Pick #76

Pick #77

Pick #78

Pick #79

Pick #80

Pick #81

Pick #82

Pick #83

Pick #84

Pick #85

Pick #86

Pick #87

Pick #88

Pick #89

Pick #90

Pick #91

Pick #92

Pick #93

Pick #94

Pick #95

Pick #96

Pick #97

Pick #98

Pick #99

Pick #100

Pick #101

Pick #102

Pick #103

Pick #104

Pick #105

Pick #106

Pick #107

Pick #108

Pick #109

Pick #110

Pick #111

Pick #112

Pick #113

Pick #114

Pick #115

Pick #116

Pick #117

Pick #118

Pick #119

Pick #120

Pick #121

Pick #122

Pick #123

Pick #124

Pick #125

Pick #126

Pick #127

Pick #128

Pick #129

Pick #130

Full Scoreboard »»

Blues vs Oilers

Created - November 17, 2023 at 23:11

Goals
1 2 3 T
Blues 2 0 1 3
Oilers 1 0 0 1
Shots
1 2 3 T
Blues 8 8 10 26
Oilers 13 9 7 29

GoalsPenalties
1st period
1. Oilers , Josh Bailey 3 (Jamie Drysdale 11, Dylan Strome 8) at 0:20 (PP)
2. Blues , Auston Matthews 10 (Nico Hischier 17) at 4:01
3. Blues , Kris Letang 2 (Nico Hischier 18, Auston Matthews 8) at 17:54 (PP)
Cale Makar (STL) for Cross-checking (Minor) at 0:14
Scott Mayfield (EDM) for Goalie Interference (Minor) at 15:58
2nd period
No Goal
Carson Soucy (STL) for Roughing (Minor) at 1:48
Ryan Johansen (EDM) for Slashing (Double Minor) at 2:40
Curtis Lazar (STL) for Roughing (Minor) at 2:40
Carson Soucy (STL) for Hooking (Minor) at 14:42
3rd period
4. Blues , Auston Matthews 11 (Clayton Keller 10, Nico Hischier 19) at 6:52
Sam Bennett (EDM) for Hooking (Minor) at 0:31
Goalie Stats
Carter Hart (STL), 28 saves from 29 shots - (0.966), W, 10-7-2, 60:00 minutes
Jack Campbell (EDM), 23 saves from 26 shots - (0.885), L, 4-6-1, 60:00 minutes
3 StarsOfficial
1 - Auston Matthews (STL)
2 - Nico Hischier (STL)
3 - Carter Hart (STL)
Referees : Kelly Sutherland and Kendrick Nicholson
Linesman : Tyson Baker and Shaun Morgan
Game Note
No Game Note
Finance
Level 1 -- Attendance: 5951 (91.55%) -- Ticket Income $726,022
Level 2 -- Attendance: 3916 (78.32%) -- Ticket Income $368,104
Level 3 -- Attendance: 2489 (71.11%) -- Ticket Income $186,675
Level 4 -- Attendance: 839 (100.00%) -- Ticket Income $61,247
Luxury Box -- Attendance: 861 (86.10%) -- Ticket Income $199,752
Game was played at the Rexall Place.
Total Attendance: 14056 (83.47%)
Total Ticket Income: $1,541,800
Other Income: $385,450
Total Income: $1,927,250



Team Name Goals Shots Shots Attemp Shots Blocked PIM HIT PP PK FO%
Blues 3266488221 / 3 (33%)145%
Oilers 12954158101 / 3 (33%)155%

Blues
Player Name POS G A P +/- PIM HIT SHT SB MP PP MP PP SHT PK MP PK SHT FO% FOT
Andrew MangiapaneLW0000022016:070:4800:000100% 1
Anthony DeAngeloD0000020016:273:5400:3700% 0
Auston MatthewsC2132003121:352:4500:34050% 4
Cale MakarD0002200225:502:5701:5900% 0
Carson SoucyD0000420011:440:0000:0000% 0
Clayton KellerRW0112002021:012:4500:0000% 1
Craig SmithC000000108:250:0000:00050% 2
Curtis LazarC0000222010:040:0001:39043% 14
Derek RyanC0000001010:293:1000:00050% 10
Evan RodriguesC0000002010:050:0001:4000% 0
Filip HronekD0000010121:062:2801:2800% 0
Jack EichelC0000011019:113:1000:00038% 16
Jacob TroubaD0002071122:060:3001:5900% 0
Kris LetangD1010012322:401:5722:0500% 0
Miles WoodLW000001007:190:0000:0000% 0
Nico HischierC0332006021:572:0101:50156% 25
Sheldon DriesC000000007:190:0000:0000% 0
Yanni GourdeC0000033020:283:1021:1700% 4
Oilers
Player Name POS G A P +/- PIM HIT SHT SB MP PP MP PP SHT PK MP PK SHT FO% FOT
Adam LowryC000-1011315:170:0003:29052% 21
Alexander BarabanovLW0000002011:491:3202:0100% 0
Brandon HagelLW000-1002016:321:2500:240100% 1
Brock BoeserRW0000003015:491:2510:00050% 2
Cole PerfettiC0000010014:240:0000:0000% 0
Dylan StromeC011-1002116:571:3210:4200% 1
Jakob SilfverbergRW000000309:350:0001:1900% 0
Jamie DrysdaleD011-1002021:301:3600:0000% 0
Josh BaileyRW101-1004113:241:3610:0000% 0
Mattias SamuelssonD0000002220:541:2103:5100% 0
Nikita ZaitsevD0000020317:510:0000:5100% 0
Ondrej PalatLW000-1001015:560:0002:1100% 0
Paul StastnyC0000021011:570:0001:44055% 11
Ryan JohansenC000-1400016:121:3100:00065% 23
Ryan PulockD000-1021123:081:2103:3000% 0
Sam BennettC0000225015:481:2520:00044% 18
Scott MayfieldD000-1200217:080:0001:3700% 0
Troy StecherD000-1000217:520:0002:0100% 0



Play-by-Play

1st period


0:01 of 1st period - Sam Bennett wins face-off versus Nico Hischier in neutral zone.
0:04 of 1st period - Cale Makar is hit by Sam Bennett and loses puck.
0:09 of 1st period - Shot by Jamie Drysdale.
0:09 of 1st period - Shot Misses the Net.
0:11 of 1st period - Shot by Brock Boeser.
0:11 of 1st period - Shot Blocked by Auston Matthews.
0:13 of 1st period - Shot by Jamie Drysdale.
0:13 of 1st period - Shot Blocked by Cale Makar.
0:14 of 1st period - Minor Penalty to Cale Makar for Cross-checking.
0:15 of 1st period - Ryan Johansen wins face-off versus Curtis Lazar in Blues zone.
0:18 of 1st period - Shot by Jamie Drysdale.
0:18 of 1st period - Shot Blocked by Kris Letang.
0:20 of 1st period - Shot by Josh Bailey.
0:20 of 1st period - Goal by Josh Bailey - Blues : 0 - Oilers : 1.
0:21 of 1st period - Jack Eichel wins face-off versus Ryan Johansen in neutral zone.
1:25 of 1st period - Shot by Josh Bailey.
1:25 of 1st period - Shot Misses the Net.
2:00 of 1st period - Icing by Scott Mayfield.
2:01 of 1st period - Adam Lowry wins face-off versus Curtis Lazar in Oilers zone.
2:01 of 1st period - Adam Lowry is hit by Curtis Lazar.
2:24 of 1st period - Shot by Brock Boeser.
2:24 of 1st period - Deflect By Sam Bennett.
2:24 of 1st period - Shot Misses the Net.
2:26 of 1st period - Shot by Jamie Drysdale.
2:26 of 1st period - Stopped by Carter Hart without a rebound.
2:27 of 1st period - Derek Ryan wins face-off versus Paul Stastny in Blues zone.
2:42 of 1st period - Shot by Sheldon Dries.
2:42 of 1st period - Shot Misses the Net.
3:27 of 1st period - Icing by Ryan Pulock.
3:28 of 1st period - Sam Bennett wins face-off versus Nico Hischier in Oilers zone.
3:44 of 1st period - Shot by Brock Boeser.
3:44 of 1st period - Stopped by Carter Hart without a rebound.
3:45 of 1st period - Ryan Johansen wins face-off versus Curtis Lazar in Blues zone.
3:53 of 1st period - Icing by Kris Letang.
3:54 of 1st period - Craig Smith wins face-off versus Sam Bennett in Blues zone.
3:59 of 1st period - Shot by Curtis Lazar.
3:59 of 1st period - Stopped by Jack Campbell without a rebound.
4:00 of 1st period - Nico Hischier wins face-off versus Ryan Johansen in Oilers zone.
4:01 of 1st period - Shot by Auston Matthews.
4:01 of 1st period - Goal by Auston Matthews - Blues : 1 - Oilers : 1.
4:02 of 1st period - Nico Hischier wins face-off versus Ryan Johansen in neutral zone.
4:17 of 1st period - Shot by Ryan Johansen.
4:17 of 1st period - Shot Misses the Net.
5:43 of 1st period - Shot by Sam Bennett.
5:43 of 1st period - Stopped by Carter Hart without a rebound.
5:44 of 1st period - Curtis Lazar wins face-off versus Adam Lowry in Blues zone.
6:07 of 1st period - Shot by Evan Rodrigues.
6:07 of 1st period - Shot Misses the Net.
6:09 of 1st period - Shot by Carson Soucy.
6:09 of 1st period - Shot Blocked by Nikita Zaitsev.
6:15 of 1st period - Shot by Evan Rodrigues.
6:15 of 1st period - Shot Blocked by Nikita Zaitsev.
6:17 of 1st period - Shot by Curtis Lazar.
6:17 of 1st period - Shot Blocked by Adam Lowry.
6:19 of 1st period - Shot by Craig Smith.
6:19 of 1st period - Shot Misses the Net.
6:21 of 1st period - Shot by Curtis Lazar.
6:21 of 1st period - Shot Blocked by Nikita Zaitsev.
6:23 of 1st period - Shot by Evan Rodrigues.
6:23 of 1st period - Shot Misses the Net.
6:25 of 1st period - Shot by Anthony DeAngelo.
6:25 of 1st period - Shot Blocked by Josh Bailey.
6:27 of 1st period - Shot by Evan Rodrigues.
6:27 of 1st period - Stopped by Jack Campbell without a rebound.
6:28 of 1st period - Paul Stastny wins face-off versus Jack Eichel in Oilers zone.
6:28 of 1st period - Paul Stastny is hit by Yanni Gourde.
6:55 of 1st period - Kris Letang is hit by Paul Stastny and loses puck.
7:09 of 1st period - Shot by Jakob Silfverberg.
7:09 of 1st period - Stopped by Carter Hart without a rebound.
7:10 of 1st period - Nico Hischier wins face-off versus Sam Bennett in Blues zone.
7:31 of 1st period - Shot by Sam Bennett.
7:31 of 1st period - Stopped by Carter Hart with a rebound.
7:37 of 1st period - Shot by Cale Makar.
7:37 of 1st period - Shot Misses the Net.
7:39 of 1st period - Shot by Cale Makar.
7:39 of 1st period - Deflect By Nico Hischier.
7:39 of 1st period - Shot Hit the Post.
7:43 of 1st period - Shot by Clayton Keller.
7:43 of 1st period - Shot Misses the Net.
7:45 of 1st period - Shot by Clayton Keller.
7:45 of 1st period - Shot Misses the Net.
7:47 of 1st period - Shot by Jacob Trouba.
7:47 of 1st period - Stopped by Jack Campbell without a rebound.
7:48 of 1st period - Ryan Johansen wins face-off versus Derek Ryan in Oilers zone.
8:22 of 1st period - Off-side.
8:23 of 1st period - Jack Eichel wins face-off versus Adam Lowry in neutral zone.
8:25 of 1st period - Off-side.
8:26 of 1st period - Nico Hischier wins face-off versus Adam Lowry in neutral zone.
8:45 of 1st period - Shot by Clayton Keller.
8:45 of 1st period - Shot Blocked by Adam Lowry.
8:48 of 1st period - Icing by Adam Lowry.
8:49 of 1st period - Jack Eichel wins face-off versus Adam Lowry in Oilers zone.
9:14 of 1st period - Shot by Josh Bailey.
9:14 of 1st period - Stopped by Carter Hart with a rebound.
9:16 of 1st period - Shot by Ryan Pulock.
9:16 of 1st period - Stopped by Carter Hart with a rebound.
11:09 of 1st period - Icing by Sam Bennett.
11:10 of 1st period - Sam Bennett wins face-off versus Curtis Lazar in Oilers zone.
11:12 of 1st period - Icing by Brock Boeser.
11:13 of 1st period - Sam Bennett wins face-off versus Craig Smith in Oilers zone.
12:02 of 1st period - Icing by Brandon Hagel.
12:03 of 1st period - Ryan Johansen wins face-off versus Derek Ryan in Oilers zone.
12:03 of 1st period - Ryan Johansen is hit by Miles Wood.
12:25 of 1st period - Shot by Alexander Barabanov.
12:25 of 1st period - Deflect By Paul Stastny.
12:25 of 1st period - Stopped by Carter Hart without a rebound.
12:26 of 1st period - Paul Stastny wins face-off versus Nico Hischier in Blues zone.
12:43 of 1st period - Shot by Alexander Barabanov.
12:43 of 1st period - Stopped by Carter Hart without a rebound.
12:44 of 1st period - Adam Lowry wins face-off versus Jack Eichel in Blues zone.
12:54 of 1st period - Icing by Jack Eichel.
12:55 of 1st period - Jack Eichel wins face-off versus Paul Stastny in Blues zone.
13:21 of 1st period - Off-side.
13:22 of 1st period - Nico Hischier wins face-off versus Ryan Johansen in neutral zone.
13:27 of 1st period - Shot by Auston Matthews.
13:27 of 1st period - Shot Misses the Net.
13:29 of 1st period - Shot by Nico Hischier.
13:29 of 1st period - Stopped by Jack Campbell without a rebound.
13:30 of 1st period - Ryan Johansen wins face-off versus Nico Hischier in Oilers zone.
13:59 of 1st period - Shot by Nico Hischier.
13:59 of 1st period - Stopped by Jack Campbell without a rebound.
14:00 of 1st period - Brock Boeser wins face-off versus Jack Eichel in Oilers zone.
14:05 of 1st period - Shot by Sam Bennett.
14:05 of 1st period - Shot Blocked by Cale Makar.
14:07 of 1st period - Shot by Mattias Samuelsson.
14:07 of 1st period - Shot Misses the Net.
14:27 of 1st period - Shot by Brock Boeser.
14:27 of 1st period - Shot Blocked by Jacob Trouba.
14:29 of 1st period - Shot by Mattias Samuelsson.
14:29 of 1st period - Stopped by Carter Hart with a rebound.
14:35 of 1st period - Shot by Sam Bennett.
14:35 of 1st period - Shot Misses the Net.
14:37 of 1st period - Shot by Mattias Samuelsson.
14:37 of 1st period - Stopped by Carter Hart without a rebound.
14:38 of 1st period - Adam Lowry wins face-off versus Nico Hischier in Blues zone.
15:05 of 1st period - Shot by Nico Hischier.
15:05 of 1st period - Shot Misses the Net.
15:30 of 1st period - Icing by Filip Hronek.
15:31 of 1st period - Ryan Johansen wins face-off versus Clayton Keller in Blues zone.
15:31 of 1st period - Ryan Johansen is hit by Kris Letang.
15:43 of 1st period - Shot by Dylan Strome.
15:43 of 1st period - Shot Misses the Net.
15:58 of 1st period - Minor Penalty to Scott Mayfield for Goalie Interference.
15:59 of 1st period - Adam Lowry wins face-off versus Yanni Gourde in Oilers zone.
16:33 of 1st period - Icing by Jack Eichel.
16:34 of 1st period - Derek Ryan wins face-off versus Adam Lowry in Blues zone.
17:48 of 1st period - Shot by Auston Matthews.
17:48 of 1st period - Shot Blocked by Mattias Samuelsson.
17:50 of 1st period - Shot by Kris Letang.
17:50 of 1st period - Stopped by Jack Campbell with a rebound.
17:52 of 1st period - Shot by Nico Hischier.
17:52 of 1st period - Shot Blocked by Ryan Pulock.
17:54 of 1st period - Shot by Kris Letang.
17:54 of 1st period - Goal by Kris Letang - Blues : 2 - Oilers : 1.
17:55 of 1st period - Curtis Lazar wins face-off versus Sam Bennett in neutral zone.
18:28 of 1st period - Shot by Curtis Lazar.
18:28 of 1st period - Shot Blocked by Troy Stecher.
19:32 of 1st period - Off-side.
19:33 of 1st period - Paul Stastny wins face-off versus Jack Eichel in neutral zone.
19:38 of 1st period - Shot by Jakob Silfverberg.
19:38 of 1st period - Shot Misses the Net.
19:40 of 1st period - Shot by Jakob Silfverberg.
19:40 of 1st period - Stopped by Carter Hart with a rebound.
19:58 of 1st period - Shot by Paul Stastny.
19:58 of 1st period - Shot Misses the Net.
Goals for this period are 2 for Blues vs 1 for Oilers.
Shots for this period are 8 for Blues vs 13 for Oilers.

2nd period


0:01 of 2nd period - Ryan Johansen wins face-off versus Jack Eichel in neutral zone.
0:03 of 2nd period - Brandon Hagel is hit by Andrew Mangiapane and loses puck.
0:14 of 2nd period - Shot by Jack Eichel.
0:14 of 2nd period - Shot Misses the Net.
0:26 of 2nd period - Shot by Jack Eichel.
0:26 of 2nd period - Shot Blocked by Mattias Samuelsson.
0:40 of 2nd period - Shot by Andrew Mangiapane.
0:40 of 2nd period - Stopped by Jack Campbell with a rebound.
0:42 of 2nd period - Shot by Yanni Gourde.
0:42 of 2nd period - Shot Misses the Net.
1:37 of 2nd period - Shot by Josh Bailey.
1:37 of 2nd period - Stopped by Carter Hart without a rebound.
1:38 of 2nd period - Nico Hischier wins face-off versus Brock Boeser in Blues zone.
1:43 of 2nd period - Shot by Brock Boeser.
1:43 of 2nd period - Deflect By Sam Bennett.
1:43 of 2nd period - Shot Misses the Net.
1:48 of 2nd period - Minor Penalty to Carson Soucy for Roughing.
1:49 of 2nd period - Curtis Lazar wins face-off versus Sam Bennett in Blues zone.
1:49 of 2nd period - Curtis Lazar is hit by Sam Bennett.
2:04 of 2nd period - Shot by Brock Boeser.
2:04 of 2nd period - Stopped by Carter Hart with a rebound.
2:11 of 2nd period - Shot by Sam Bennett.
2:11 of 2nd period - Stopped by Carter Hart without a rebound.
2:12 of 2nd period - Ryan Johansen wins face-off versus Curtis Lazar in Blues zone.
2:40 of 2nd period - Double Minor Penalty to Ryan Johansen for Slashing.
2:40 of 2nd period - Minor Penalty to Curtis Lazar for Roughing.
2:41 of 2nd period - Auston Matthews wins face-off versus Paul Stastny in neutral zone.
3:00 of 2nd period - Shot by Ondrej Palat.
3:00 of 2nd period - Stopped by Carter Hart without a rebound.
3:01 of 2nd period - Paul Stastny wins face-off versus Auston Matthews in Blues zone.
4:17 of 2nd period - Shot by Yanni Gourde.
4:17 of 2nd period - Shot Misses the Net.
5:57 of 2nd period - Shot by Yanni Gourde.
5:57 of 2nd period - Stopped by Jack Campbell without a rebound.
5:58 of 2nd period - Auston Matthews wins face-off versus Adam Lowry in Oilers zone.
6:41 of 2nd period - Cale Makar is hit by Nikita Zaitsev and loses puck.
6:58 of 2nd period - Shot by Evan Rodrigues.
6:58 of 2nd period - Shot Blocked by Scott Mayfield.
7:01 of 2nd period - Icing by Scott Mayfield.
7:02 of 2nd period - Derek Ryan wins face-off versus Sam Bennett in Oilers zone.
7:51 of 2nd period - Shot by Yanni Gourde.
7:51 of 2nd period - Shot Blocked by Dylan Strome.
9:38 of 2nd period - Icing by Sam Bennett.
9:39 of 2nd period - Curtis Lazar wins face-off versus Sam Bennett in Oilers zone.
10:56 of 2nd period - Shot by Jack Eichel.
10:56 of 2nd period - Stopped by Jack Campbell without a rebound.
10:57 of 2nd period - Paul Stastny wins face-off versus Derek Ryan in Oilers zone.
11:12 of 2nd period - Shot by Jakob Silfverberg.
11:12 of 2nd period - Stopped by Carter Hart without a rebound.
11:13 of 2nd period - Nico Hischier wins face-off versus Ryan Johansen in Blues zone.
11:58 of 2nd period - Shot by Brandon Hagel.
11:58 of 2nd period - Stopped by Carter Hart without a rebound.
11:59 of 2nd period - Jack Eichel wins face-off versus Adam Lowry in Blues zone.
12:12 of 2nd period - Shot by Yanni Gourde.
12:12 of 2nd period - Stopped by Jack Campbell without a rebound.
12:13 of 2nd period - Curtis Lazar wins face-off versus Paul Stastny in Oilers zone.
13:13 of 2nd period - Icing by Kris Letang.
13:14 of 2nd period - Adam Lowry wins face-off versus Nico Hischier in Blues zone.
13:49 of 2nd period - Clayton Keller is hit by Ryan Pulock and loses puck.
13:54 of 2nd period - Shot by Nico Hischier.
13:54 of 2nd period - Stopped by Jack Campbell without a rebound.
13:55 of 2nd period - Ryan Johansen wins face-off versus Jack Eichel in Oilers zone.
14:21 of 2nd period - Jack Eichel is hit by Nikita Zaitsev and loses puck.
14:26 of 2nd period - Shot by Jack Eichel.
14:26 of 2nd period - Deflect By Andrew Mangiapane.
14:26 of 2nd period - Stopped by Jack Campbell with a rebound.
14:35 of 2nd period - Icing by Mattias Samuelsson.
14:36 of 2nd period - Ryan Johansen wins face-off versus Derek Ryan in Oilers zone.
14:40 of 2nd period - Nikita Zaitsev is hit by Carson Soucy and loses puck.
14:42 of 2nd period - Minor Penalty to Carson Soucy for Hooking.
14:43 of 2nd period - Sam Bennett wins face-off versus Curtis Lazar in Blues zone.
14:43 of 2nd period - Jamie Drysdale is hit by Filip Hronek and loses puck.
14:49 of 2nd period - Shot by Josh Bailey.
14:49 of 2nd period - Shot Blocked by Filip Hronek.
14:51 of 2nd period - Shot by Sam Bennett.
14:51 of 2nd period - Stopped by Carter Hart with a rebound.
14:53 of 2nd period - Shot by Josh Bailey.
14:53 of 2nd period - Shot Misses the Net.
15:01 of 2nd period - Shot by Sam Bennett.
15:01 of 2nd period - Shot Misses the Net.
15:22 of 2nd period - Icing by Jamie Drysdale.
15:23 of 2nd period - Sam Bennett wins face-off versus Nico Hischier in Oilers zone.
16:09 of 2nd period - Shot by Dylan Strome.
16:09 of 2nd period - Stopped by Carter Hart without a rebound.
16:10 of 2nd period - Nico Hischier wins face-off versus Ryan Johansen in Blues zone.
16:19 of 2nd period - Shot by Nico Hischier.
16:19 of 2nd period - Stopped by Jack Campbell without a rebound.
16:20 of 2nd period - Ryan Johansen wins face-off versus Nico Hischier in Oilers zone.
16:24 of 2nd period - Off-side.
16:25 of 2nd period - Ryan Johansen wins face-off versus Curtis Lazar in neutral zone.
16:38 of 2nd period - Shot by Alexander Barabanov.
16:38 of 2nd period - Deflect By Dylan Strome.
16:38 of 2nd period - Shot Blocked by Kris Letang.
16:42 of 2nd period - Shot by Alexander Barabanov.
16:42 of 2nd period - Stopped by Carter Hart without a rebound.
16:43 of 2nd period - Nico Hischier wins face-off versus Sam Bennett in Blues zone.
17:05 of 2nd period - Sam Bennett is hit by Anthony DeAngelo and loses puck.
17:54 of 2nd period - Ondrej Palat is hit by Jack Eichel and loses puck.
18:05 of 2nd period - Shot by Yanni Gourde.
18:05 of 2nd period - Shot Misses the Net.
18:07 of 2nd period - Shot by Yanni Gourde.
18:07 of 2nd period - Shot Blocked by Adam Lowry.
18:23 of 2nd period - Josh Bailey is hit by Andrew Mangiapane and loses puck.
19:49 of 2nd period - Shot by Evan Rodrigues.
19:49 of 2nd period - Stopped by Jack Campbell without a rebound.
19:50 of 2nd period - Nico Hischier wins face-off versus Sam Bennett in Oilers zone.
Goals for this period are 0 for Blues vs 0 for Oilers.
Shots for this period are 8 for Blues vs 9 for Oilers.

3rd period


0:01 of 3rd period - Sam Bennett wins face-off versus Nico Hischier in neutral zone.
0:31 of 3rd period - Minor Penalty to Sam Bennett for Hooking.
0:32 of 3rd period - Adam Lowry wins face-off versus Yanni Gourde in Oilers zone.
0:38 of 3rd period - Icing by Derek Ryan.
0:39 of 3rd period - Adam Lowry wins face-off versus Yanni Gourde in Blues zone.
0:47 of 3rd period - Icing by Filip Hronek.
0:48 of 3rd period - Adam Lowry wins face-off versus Yanni Gourde in Blues zone.
0:57 of 3rd period - Shot by Adam Lowry.
0:57 of 3rd period - Shot Misses the Net.
1:19 of 3rd period - Shot by Filip Hronek.
1:19 of 3rd period - Shot Misses the Net.
1:21 of 3rd period - Shot by Yanni Gourde.
1:21 of 3rd period - Stopped by Jack Campbell with a rebound.
2:21 of 3rd period - Shot by Kris Letang.
2:21 of 3rd period - Shot Blocked by Scott Mayfield.
3:02 of 3rd period - Off-side.
3:03 of 3rd period - Jack Eichel wins face-off versus Ryan Johansen in neutral zone.
3:11 of 3rd period - Icing by Brandon Hagel.
3:12 of 3rd period - Andrew Mangiapane wins face-off versus Dylan Strome in Oilers zone.
3:15 of 3rd period - Shot by Jack Eichel.
3:15 of 3rd period - Shot Blocked by Troy Stecher.
3:35 of 3rd period - Shot by Ryan Johansen.
3:35 of 3rd period - Shot Misses the Net.
3:49 of 3rd period - Dylan Strome is hit by Yanni Gourde and loses puck.
4:33 of 3rd period - Icing by Jacob Trouba.
4:34 of 3rd period - Nico Hischier wins face-off versus Adam Lowry in Blues zone.
4:55 of 3rd period - Shot by Clayton Keller.
4:55 of 3rd period - Stopped by Jack Campbell without a rebound.
4:56 of 3rd period - Derek Ryan wins face-off versus Paul Stastny in Oilers zone.
5:36 of 3rd period - Alexander Barabanov is hit by Carson Soucy and loses puck.
6:21 of 3rd period - Shot by Sam Bennett.
6:21 of 3rd period - Shot Misses the Net.
6:23 of 3rd period - Shot by Sam Bennett.
6:23 of 3rd period - Stopped by Carter Hart without a rebound.
6:24 of 3rd period - Nico Hischier wins face-off versus Adam Lowry in Blues zone.
6:24 of 3rd period - Nico Hischier is hit by Adam Lowry.
6:48 of 3rd period - Shot by Nico Hischier.
6:48 of 3rd period - Deflect By Clayton Keller.
6:48 of 3rd period - Shot Misses the Net.
6:52 of 3rd period - Shot by Auston Matthews.
6:52 of 3rd period - Goal by Auston Matthews - Blues : 3 - Oilers : 1.
6:53 of 3rd period - Ryan Johansen wins face-off versus Jack Eichel in neutral zone.
7:13 of 3rd period - Icing by Mattias Samuelsson.
7:14 of 3rd period - Brandon Hagel wins face-off versus Auston Matthews in Oilers zone.
7:20 of 3rd period - Mattias Samuelsson is hit by Jacob Trouba and loses puck.
7:59 of 3rd period - Ryan Pulock is hit by Jacob Trouba and loses puck.
8:22 of 3rd period - Kris Letang is hit by Cole Perfetti and loses puck.
8:44 of 3rd period - Icing by Jack Eichel.
8:45 of 3rd period - Adam Lowry wins face-off versus Jack Eichel in Blues zone.
9:04 of 3rd period - Shot by Adam Lowry.
9:04 of 3rd period - Shot Blocked by Kris Letang.
9:55 of 3rd period - Cale Makar is hit by Paul Stastny.
10:15 of 3rd period - Shot by Clayton Keller.
10:15 of 3rd period - Stopped by Jack Campbell without a rebound.
10:16 of 3rd period - Curtis Lazar wins face-off versus Sam Bennett in Oilers zone.
10:33 of 3rd period - Shot by Curtis Lazar.
10:33 of 3rd period - Shot Misses the Net.
10:35 of 3rd period - Shot by Craig Smith.
10:35 of 3rd period - Stopped by Jack Campbell without a rebound.
10:36 of 3rd period - Derek Ryan wins face-off versus Ryan Johansen in Oilers zone.
10:39 of 3rd period - Shot by Derek Ryan.
10:39 of 3rd period - Stopped by Jack Campbell without a rebound.
10:40 of 3rd period - Nico Hischier wins face-off versus Sam Bennett in Oilers zone.
11:11 of 3rd period - Shot by Clayton Keller.
11:11 of 3rd period - Shot Hit the Post.
11:13 of 3rd period - Shot by Nico Hischier.
11:13 of 3rd period - Stopped by Jack Campbell without a rebound.
11:14 of 3rd period - Adam Lowry wins face-off versus Curtis Lazar in Oilers zone.
11:37 of 3rd period - Shot by Josh Bailey.
11:37 of 3rd period - Stopped by Carter Hart with a rebound.
11:39 of 3rd period - Shot by Adam Lowry.
11:39 of 3rd period - Stopped by Carter Hart without a rebound.
11:40 of 3rd period - Ryan Johansen wins face-off versus Jack Eichel in Blues zone.
11:51 of 3rd period - Shot by Brandon Hagel.
11:51 of 3rd period - Stopped by Carter Hart without a rebound.
11:52 of 3rd period - Sam Bennett wins face-off versus Nico Hischier in Blues zone.
11:52 of 3rd period - Jamie Drysdale is hit by Jacob Trouba and loses puck.
12:11 of 3rd period - Shot by Auston Matthews.
12:11 of 3rd period - Shot Misses the Net.
12:23 of 3rd period - Shot by Nico Hischier.
12:23 of 3rd period - Stopped by Jack Campbell with a rebound.
12:25 of 3rd period - Shot by Nico Hischier.
12:25 of 3rd period - Shot Misses the Net.
12:27 of 3rd period - Shot by Nico Hischier.
12:27 of 3rd period - Shot Misses the Net.
12:29 of 3rd period - Shot by Clayton Keller.
12:29 of 3rd period - Shot Misses the Net.
12:31 of 3rd period - Shot by Jacob Trouba.
12:31 of 3rd period - Deflect By Auston Matthews.
12:31 of 3rd period - Stopped by Jack Campbell without a rebound.
12:32 of 3rd period - Adam Lowry wins face-off versus Jack Eichel in Oilers zone.
12:32 of 3rd period - Adam Lowry is hit by Yanni Gourde.
14:00 of 3rd period - Brandon Hagel is hit by Jacob Trouba and loses puck.
14:06 of 3rd period - Brandon Hagel is hit by Jacob Trouba and loses puck.
14:21 of 3rd period - Ryan Pulock is hit by Curtis Lazar.
14:31 of 3rd period - Shot by Dylan Strome.
14:31 of 3rd period - Stopped by Carter Hart without a rebound.
14:32 of 3rd period - Paul Stastny wins face-off versus Nico Hischier in Blues zone.
14:32 of 3rd period - Troy Stecher is hit by Anthony DeAngelo and loses puck.
15:44 of 3rd period - Shot by Sam Bennett.
15:44 of 3rd period - Shot Misses the Net.
15:46 of 3rd period - Shot by Jamie Drysdale.
15:46 of 3rd period - Stopped by Carter Hart without a rebound.
15:47 of 3rd period - Ryan Johansen wins face-off versus Derek Ryan in Blues zone.
16:00 of 3rd period - Shot by Dylan Strome.
16:00 of 3rd period - Shot Misses the Net.
16:15 of 3rd period - Mattias Samuelsson is hit by Jacob Trouba and loses puck.
17:03 of 3rd period - Sam Bennett is hit by Jacob Trouba and loses puck.
17:10 of 3rd period - Shot by Brock Boeser.
17:10 of 3rd period - Stopped by Carter Hart without a rebound.
17:11 of 3rd period - Nico Hischier wins face-off versus Adam Lowry in Blues zone.
18:36 of 3rd period - Jack Eichel is hit by Ryan Pulock and loses puck.
19:15 of 3rd period - Shot by Curtis Lazar.
19:15 of 3rd period - Deflect By Evan Rodrigues.
19:15 of 3rd period - Shot Misses the Net.
19:23 of 3rd period - Shot by Curtis Lazar.
19:23 of 3rd period - Stopped by Jack Campbell with a rebound.
Goals for this period are 1 for Blues vs 0 for Oilers.
Shots for this period are 10 for Blues vs 7 for Oilers.